cohdb
Replays
Latest Replays
All Replays
Popular Replays
Top Player Replays
Match Explorer
How It Works
Community
CoH3 Stats
Reddit
Sign in to upload your games and track your stats! →
Sign in with Steam
Match 40225921
Unlisted
Match 40225921
Overview
Messages
Build Orders
End
Construct Barracks
Selects Special Operations Battlegroup
1⁄4-ton 4x4 Truck
Riflemen Squad
Engineer Squad
Riflemen Squad
Infantry Support Center
Construct Medical Station
Selects Raiding Flares
Selects M29 Weasel with M1 Pack Howitzer
Construct Motor Pool
M29 Weasel with M1 Pack Howitzer
Grenade Package
M1 Anti-tank Gun Team
M1918 Browning Automatic Rifles
-AL- Nimahfrosch
eliass0101
Saueee
Tanzdiktator
0
0
Comments
sign in to comment!
No comments posted yet!